Map: Eternal Empire LE

Players

Kelazhur

  • Race: Terran Terran
  • League: Master
  • Spawn Location: 7:00

SpeCial - Winner!

  • Race: Terran Terran
  • Spawn Location: 1:00

Event: DreamHack SC2 Masters 2020 Fall

VOD

Have the link to the VOD?

Description

Time

  • Played on: Aug. 27, 2020, 6:21 p.m.
  • Length: 9:34

All games in this series

Show
View Real Time Build Order
Export as new Build Order

Kelazhur Terran 

Build Orders: Reaper Expand, Banshee Rush 

Get SALT Encoding   

  12  0:00  SCV  
  13  0:12  SCV  
  14  0:17  Supply Depot  
  14  0:25  SCV  
  15  0:38  SCV  
  15  0:40  Barracks  
  16  0:44  Refinery  
  16  0:50  SCV  
  17  1:03  SCV  
  18  1:15  SCV  
  19  1:27  Orbital Command  
  19  1:28  Reaper  
  20  1:41  Command Center  
  20  1:51  Supply Depot  
  20  1:54  SCV  
  20  2:00  Barracks Reactor  
  21  2:02  Refinery  
  21  2:06  SCV  
  22  2:18  SCV  
  22  2:22  Factory  
  23  2:30  SCV  
  23  2:38  Marine x2  
  23  2:43  SCV  
  26  2:51  Bunker  
  26  2:55  Orbital Command, SCV  
  26  2:56  Marine x2  
  29  3:07  Starport, Factory Tech Lab  
  29  3:09  SCV  
  30  3:18  Marine x2  
  31  3:21  SCV  
  31  3:25  SCV  
  33  3:33  SCV  
  34  3:34  Factory Tech Lab  
  34  3:36  Marine  
  34  3:37  SCV, Marine  
  34  3:38  Supply Depot  
  37  3:45  SCV  
  38  3:48  Banshee, Cloaking Field  
  38  3:51  SCV  
  42  3:57  SCV  
  42  3:59  Siege Tank  
  46  4:03  SCV, Supply Depot  
  46  4:05  Marine x2  
  49  4:10  Supply Depot  
  49  4:12  SCV  
  49  4:16  SCV  
  51  4:24  Marine x2  
  51  4:27  SCV  
  54  4:31  Banshee  
  54  4:32  SCV  
  54  4:37  Command Center  
  58  4:39  SCV  
  58  4:44  SCV  
  60  4:47  Siege Tank  
  63  4:53  SCV  
  63  4:58  SCV  
  65  5:02  Supply Depot  
  65  5:04  Barracks  
  65  5:05  SCV  
  66  5:07  Barracks  
  66  5:08  Refinery x2  
  66  5:10  SCV  
  67  5:18  SCV  
  67  5:19  Stimpack, Marine  
  69  5:23  Engineering Bay x2  
  69  5:24  Starport Reactor  
  69  5:25  SCV  
  70  5:31  Siege Tank  
  70  5:32  SCV  
  74  5:40  SCV  
  75  5:44  SCV  
  75  5:46  Marine  
  76  5:52  SCV  
  72  6:00  Viking x2  
  72  6:02  SCV  
  71  6:05  Marine x2  
  71  6:06  Marine x2  
  62  6:21  Cyclone  
  62  6:22  Terran Infantry Armor Level 1, Terran Infantry Weapons Level 1  
  62  6:23  Marine x2  
  62  6:24  Marine  
  69  6:32  Orbital Command  
  68  6:34  SCV x2  
  68  6:36  Marine  
  71  6:41  Marine x2  
  71  6:46  SCV x2  
  75  6:51  Marine  
  76  6:58  SCV x2  
  76  6:59  Siege Tank, SCV  
  82  7:02  Barracks Reactor  
  82  7:03  Combat Shield  
  82  7:04  Supply Depot  
  82  7:10  SCV x2  
  82  7:12  Armory, SCV  
  82  7:13  Barracks  
  82  7:14  Barracks  
  85  7:25  Marine x3  
  85  7:26  SCV x3  
  85  7:28  Supply Depot  
  85  7:29  Medivac  
  93  7:31  Supply Depot  
  93  7:38  Refinery, Medivac, SCV x3, Supply Depot  
  93  7:39  Refinery, Marine x2  
  93  7:43  Marine  
  101  7:49  Siege Tank  
  101  7:50  SCV x2  
  105  7:52  SCV  
  104  8:02  SCV x2  
  106  8:06  Command Center  
  106  8:08  Barracks Tech Lab x2  
  106  8:09  Marine x4  
  106  8:10  Marauder  
  106  8:11  SCV  
  113  8:14  SCV  
  113  8:16  Medivac x2, Supply Depot  
  116  8:23  SCV  
  107  8:27  Marine  
  107  8:28  SCV x2, Marine x4  
  107  8:29  Marine  
  107  8:30  Marine  
  107  8:32  Missile Turret  
  113  8:35  SCV  
  113  8:40  SCV  
  113  8:45  SCV, Marine  
  113  8:46  Marine x5  
  113  8:47  SCV  
  111  8:48  Marine  
  111  8:52  Viking, SCV  
  108  8:57  SCV  
  102  9:03  Marine  
  102  9:04  Marine x5  
  102  9:06  Marine  
  105  9:13  SCV  
  105  9:14  SCV x2  
Show
View Real Time Build Order
Export as new Build Order

SpeCial Terran - Winner!

Build Orders: Mech 

Get SALT Encoding   

  12  0:00  SCV  
  13  0:12  SCV  
  14  0:17  Supply Depot  
  14  0:24  SCV  
  15  0:39  SCV  
  15  0:40  Barracks  
  16  0:43  Refinery  
  16  0:51  SCV  
  16  0:54  Refinery  
  17  1:03  SCV  
  18  1:15  SCV  
  19  1:27  Reaper  
  19  1:28  Orbital Command  
  19  1:30  Supply Depot  
  20  1:45  Factory  
  20  1:54  SCV  
  20  2:00  Reaper  
  22  2:06  SCV  
  23  2:18  SCV  
  24  2:25  Command Center  
  24  2:32  Hellion  
  24  2:35  SCV  
  24  2:36  Barracks Reactor  
  26  2:45  Supply Depot  
  26  2:48  SCV  
  27  2:53  Starport  
  27  2:56  Factory Tech Lab  
  27  3:00  SCV  
  28  3:12  SCV  
  29  3:13  Marine x2  
  30  3:24  SCV  
  31  3:31  Marine x2  
  31  3:33  Refinery  
  33  3:36  SCV  
  33  3:38  Fusion Core  
  33  3:41  Orbital Command  
  34  3:48  SCV  
  35  3:49  Marine x2  
  35  3:51  Starport Tech Lab  
  37  3:58  Widow Mine  
  37  4:00  SCV  
  40  4:07  SCV  
  41  4:12  Marine x2  
  41  4:13  SCV  
  44  4:19  SCV  
  44  4:20  Supply Depot  
  45  4:25  SCV  
  47  4:31  SCV  
  47  4:34  Battlecruiser  
  53  4:41  Cyclone  
  53  4:44  SCV x2  
  58  4:52  Marine x2  
  60  4:56  SCV x2  
  62  5:03  Supply Depot  
  62  5:07  Engineering Bay  
  62  5:10  SCV  
  62  5:12  Weapon Refit  
  62  5:25  Cyclone, SCV x2  
  62  5:26  Supply Depot  
  67  5:32  Command Center  
  67  5:37  SCV  
  67  5:48  Battlecruiser  
  73  5:50  SCV  
  73  5:52  SCV  
  72  5:57  Siege Tank  
  72  6:03  SCV  
  75  6:05  SCV  
  76  6:15  SCV  
  76  6:17  SCV  
  77  6:23  Supply Depot  
  77  6:24  Refinery  
  77  6:26  Missile Turret  
  77  6:27  SCV  
  77  6:29  Supply Depot  
  78  6:34  Siege Tank, SCV  
  78  6:39  SCV  
  83  6:46  SCV  
  84  6:53  SCV  
  85  6:55  Orbital Command, Battlecruiser  
  85  6:59  SCV  
  92  7:02  Supply Depot  
  92  7:06  Siege Tank  
  95  7:13  Orbital Command, SCV x2  
  97  7:16  Factory  
  97  7:25  SCV  
  97  7:28  Factory  
  98  7:30  SCV  
  98  7:33  Supply Depot  
  98  7:35  Barracks Tech Lab  
  99  7:37  SCV  
  99  7:40  SCV  
  99  7:42  SCV  
  102  7:48  Siege Tank  
  102  7:49  SCV  
  102  7:51  Refinery  
  106  7:52  SCV, Refinery  
  106  7:55  SCV  
  106  7:56  Supply Depot  
  108  8:01  Hellion x2, SCV  
  108  8:04  SCV, Supply Depot  
  108  8:05  Armory  
  114  8:07  SCV  
  114  8:09  Armory  
  115  8:13  SCV  
  115  8:16  SCV  
  115  8:19  SCV  
  118  8:20  Battlecruiser  
  118  8:26  SCV  
  125  8:30  SCV, Supply Depot  
  125  8:32  Sensor Tower, SCV  
  127  8:35  Hellion x2  
  127  8:36  Siege Tank  
  134  8:48  SCV, Supply Depot x2  
  135  8:49  Command Center  
  135  8:53  Siege Tank  
  138  8:56  Hellion x2  
  138  8:59  SCV  

Tags
 
Add a new tag
Caveats
  • Supply blocks, unpowered buildings, or Contaminate may cause inaccurate times.
  • Supply counts are checked every 10 seconds.